 Dungeon Crawl Stone Soup version 0.22.1-1-ga44c0e5 (webtiles) character file.

19058 sanboga the Cleaver (level 12, -19/120 HPs)
             Began as a Gargoyle Berserker on Oct 25, 2018.
             Was a High Priest of Trog.
             Shot with an arrow by a satyr (23 damage)
             ... on level 3 of the Abyss.
             The game lasted 00:21:17 (9994 turns).

sanboga the Cleaver (Gargoyle Berserker)            Turns: 9994, Time: 00:21:17

Health: -19/120    AC: 34    Str: 33    XL:     12   Next: 65%
Magic:  12/12      EV:  9    Int:  5    God:    Trog [*****.]
Gold:   766        SH:  0    Dex:  9    Spells: 11/11 levels left

rFire    . . .     SeeInvis +   f - +1 war axe (flame)
rCold    . . .     Gourm    .   (no shield)
rNeg     + . .     Faith    .   x - +0 plate armour
rPois    ∞         Spirit   .   p - +0 helmet
rElec    +         Reflect  .   h - +0 cloak
rCorr    .         Harm     .   o - +2 pair of gloves {Str+3}
MR       +....                  j - +2 pair of boots
Stlth    ..........             (no amulet)
HPRegen  0.30/turn              E - ring of protection from magic
MPRegen  0.13/turn              l - ring of see invisible

@: berserking, very quick
A: [dopey 2], negative energy resistance 1, electricity resistance, unbreathing,
petrification resistance, rot immunity, AC +8
a: Berserk, Trog's Hand, Brothers in Arms, Renounce Religion


You were on level 3 of the Abyss.
You worshipped Trog.
Trog was extremely pleased with you.
You were not hungry.

You visited 1 branch of the dungeon, and saw 11 of its levels.
You visited the Abyss 1 time.

You collected 808 gold pieces.
You spent 42 gold pieces at shops.

Inventory:

Hand Weapons
 f - a +1 war axe of flaming (weapon)
 q - the +6 hand axe of Destiny {drain, rElec rPois rC+}
   (You found it on level 6 of the Dungeon)

   A truly terrible weapon, it drains the life of those it strikes.
   It protects you from cold.
   It insulates you from electricity.
   It protects you from poison.
 y - a +1 battleaxe of flaming
Armour
 h - a +0 cloak (worn)
 j - a +2 pair of boots (worn)
 o - a +2 pair of gloves of strength (worn)
 p - a +0 helmet (worn)
 x - a +0 plate armour (worn)
Jewellery
 b - an uncursed ring of protection from cold
 l - a ring of see invisible (right hand)
 B - an uncursed amulet of faith {unknown}
 C - an uncursed ring of protection from fire
 E - a ring of protection from magic (left hand)
Wands
 a - a wand of polymorph (24)
 m - a wand of clouds (4)
 u - a wand of digging (19)
 v - a wand of enslavement (20)
 w - a wand of flame (21)
 z - a wand of acid (23)
Scrolls
 e - 2 scrolls of blinking
 g - 5 scrolls of teleportation
 n - 3 scrolls of enchant weapon
 t - 3 scrolls of remove curse
 A - 2 scrolls of enchant armour
 G - a scroll of magic mapping
Potions
 i - 2 potions of heal wounds
 k - a potion of mutation
 r - a potion of resistance
 s - a potion of cancellation
 D - a potion of flight
Comestibles
 c - 12 rations


   Skills:
 + Level 11.6 Fighting
 * Level 13.2 Axes
 + Level 11.4 Armour
 - Level 1.5 Dodging


You had 11 spell levels left.
You didn't know any spells.
Your spell library was empty.

Dungeon Overview and Level Annotations

Branches:
Dungeon (11/15)            Temple (0/1) D:4            Lair (0/6) D:10
    Orc: D:9-12

Altars:
Sif Muna

Shops:
D:4 (

Portals:
Trove: D:11 (give 14 scrolls of teleportation)

Annotations:
D:11 Erolcha


Innate Abilities, Weirdness & Mutations

You are resistant to torment.
Your stone body is resilient. (AC +8)
You are immune to poison.
You resist negative energy. (rN+)
You are resistant to electric shocks. (rElec)
You can survive without breathing.
You are immune to petrification.
You are immune to rotting.
[You are very dopey. (Int -4)]


Message History

You slash the satyr! You burn the satyr.
The satyr is severely wounded.
You slash the wretched star! You burn the wretched star.
The guardian serpent hits your troll!
The satyr shoots an arrow.
The arrow hits you!
* * * LOW HITPOINT WARNING * * *
Your plate armour prevents you from hitting the wretched star.
The wretched star is moderately damaged.
You closely miss the satyr.
Your troll bites the guardian serpent!!
Your troll claws the guardian serpent but does no damage.
Your troll barely misses the guardian serpent.
The guardian serpent closely misses your troll.
A wretched star comes into view.
Your plate armour prevents you from hitting the satyr.
The satyr is severely wounded.
You hit the wretched star.
Your troll bites the guardian serpent!
Your troll claws the guardian serpent.
Your troll claws the guardian serpent but does no damage.
The satyr shoots an arrow.
The arrow hits you!!
You die...

. #.. #.#.. .
#.#..#.. .. #
#.#.. ..#
#.....##.#
##...#.#
#.#.(...# .#.
###....###.#
....*#..*....#
.# #.ST@c...#
. #..#.#..## #
#...#..#..#
##..####..#
### # .### ##
#.. # # #. . #
#..# # #..
..##.###. ##.
.. . #....#
#.#.... ..


You could see 2 wretched stars, a satyr, a guardian serpent and a friendly troll
(berserk).

Vanquished Creatures
  Gastronok (D:8)
  Harold (D:7)
  A hydra (D:11)
  The ghost of cerdra the Fighter, a novice MiBe of Trog (D:10)
  A two-headed ogre (D:8)
  2 starcursed masses (Abyss:3)
  The ghost of Dazliare the Spear-Bearer, a novice MfFi of Hepliaklqana (D:6)
  Joseph (D:7)
  Maurice (D:8)
  A rust devil (Abyss:3)
  2 smoke demons (Abyss:3)
  An eye of devastation (Abyss:3)
  A freezing wraith (Abyss:1)
  4 trolls
  4 raiju (Abyss:3)
  A hippogriff (D:11)
  A shadow (D:10)
  A ynoxinul (Abyss:3)
  A yak (D:10)
  2 wraiths (D:10)
  A wyvern (D:9)
  Grum (D:8)
  3 vampire mosquitoes (D:10)
  2 hungry ghosts
  A porcupine (D:10)
  A water moccasin (D:9)
  4 orc warriors
  2 black bears (D:10)
  3 sky beasts
  3 ice beasts
  7 necrophages
  5 ogres
  An eye of draining (D:11)
  2 wolves (D:8)
  3 centaurs
  A big kobold (D:10)
  9 bullfrogs
  2 gnoll sergeants
  A wyvern zombie (D:8)
  5 scorpions
  3 howler monkeys
  4 crimson imps
  A bullfrog zombie (D:8)
  A centaur zombie (D:9)
  7 orc priests
  A bullfrog skeleton (D:7)
  5 hounds
  2 jellies
  20 orc wizards
  Terence (D:2)
  5 iguanas
  2 worker ants
  A bullfrog simulacrum (D:10)
  A hound zombie (D:7)
  3 mummies
  6 gnolls
  2 worker ant zombies
  7 adders
  2 shadow imps (D:8)
  2 ufetubi (Abyss:3)
  3 oozes
  An adder skeleton (D:5)
  An adder zombie (D:5)
  2 worms (D:4)
  3 dart slugs
  5 leopard geckos
  51 orcs
  9 bats
  5 giant cockroaches
  5 goblins (D:1)
  10 hobgoblins
  6 jackals
  A quokka (D:7)
  5 frilled lizards
  9 kobolds
  A leopard gecko skeleton (D:5)
  A leopard gecko zombie (D:7)
  4 rats
  11 fungi
  4 plants (D:10)
299 creatures vanquished.

Vanquished Creatures (collateral kills)
  An entropy weaver (Abyss:3)
  A rakshasa (Abyss:3)
  A thrashing horror (Abyss:3)
  A large abomination (Abyss:3)
  A smoke demon (Abyss:3)
  2 raiju (Abyss:3)
  A small abomination (Abyss:3)
  An ufetubus (Abyss:3)
9 creatures vanquished.

Vanquished Creatures (others)
  A small abomination (Abyss:3)
  16 fungi (D:10)
  A lurking horror (Abyss:3)
  4 starspawn tentacles (Abyss:1)
22 creatures vanquished.

Grand Total: 330 creatures vanquished

Notes
Turn   | Place    | Note
-------+----------+-------------------------------------------
     0 | D:1      | sanboga the Gargoyle Berserker began the quest for the Orb.
     0 | D:1      | Reached XP level 1. HP: 14/14 MP: 1/1
    55 | D:1      | Reached skill level 3 in Axes
    55 | D:1      | Reached XP level 2. HP: 18/19 MP: 2/2
   550 | D:1      | Reached XP level 3. HP: 17/23 MP: 3/3
   759 | D:1      | Reached ** piety under Trog
  1110 | D:2      | Noticed Terence
  1157 | D:2      | Killed Terence
  1157 | D:2      | Reached XP level 4. HP: 22/29 MP: 4/4
  1459 | D:3      | Reached skill level 4 in Axes
  1459 | D:3      | Reached XP level 5. HP: 32/33 MP: 5/5
  1507 | D:3      | Found a faded altar of an unknown god.
  1958 | D:4      | Reached XP level 6. HP: 30/39 MP: 6/6
  2198 | D:4      | Found Ceacoeso's Weapon Emporium.
  2201 | D:4      | Bought a +0 war axe for 42 gold pieces
  2313 | D:4      | Reached skill level 5 in Fighting
  2313 | D:4      | Reached skill level 5 in Axes
  2561 | D:4      | Found a staircase to the Ecumenical Temple.
  2578 | D:4      | Reached XP level 7. HP: 33/44 MP: 7/7
  2866 | D:5      | Entered Level 5 of the Dungeon
  3019 | D:5      | Found a deep blue altar of Sif Muna.
  3269 | D:5      | Reached *** piety under Trog
  3277 | D:5      | Reached skill level 6 in Axes
  3277 | D:5      | Reached skill level 5 in Armour
  3865 | D:6      | Reached XP level 8. HP: 29/51 MP: 8/8
  4052 | D:6      | Got a slimy hand axe
  4053 | D:6      | Identified the +6 hand axe of Destiny {drain, rElec rPois
                  | rC+} (You found it on level 6 of the Dungeon)
  4087 | D:6      | Found a transporter.
  4091 | D:6      | Found a transporter.
  4091 | D:6      | Noticed Dazliare's ghost (novice MfFi)
  4128 | D:6      | Killed Dazliare's ghost
  4128 | D:6      | Reached skill level 7 in Axes
  5186 | D:7      | Reached XP level 9. HP: 56/56 MP: 9/9
  5247 | D:7      | Reached skill level 8 in Axes
  5370 | D:7      | Reached **** piety under Trog
  5540 | D:7      | Noticed Joseph
  5571 | D:7      | Killed Joseph
  5571 | D:7      | Reached skill level 9 in Axes
  5841 | D:7      | Noticed Harold
  5855 | D:7      | Killed Harold
  5855 | D:7      | Reached XP level 10. HP: 56/65 MP: 10/10
  6048 | D:8      | Noticed Grum
  6064 | D:8      | Killed Grum
  6386 | D:8      | Noticed a two-headed ogre
  6396 | D:8      | Killed a two-headed ogre
  6396 | D:8      | Reached skill level 10 in Axes
  7045 | D:8      | Noticed Maurice
  7105 | D:8      | Killed Maurice
  7290 | D:8      | Noticed Gastronok
  7300 | D:8      | Reached ***** piety under Trog
  7308 | D:8      | Received a gift from Trog
  7310 | D:8      | Killed Gastronok
  7310 | D:8      | Reached skill level 11 in Axes
  7310 | D:8      | Reached XP level 11. HP: 60/72 MP: 11/11
  7886 | D:9      | Reached skill level 10 in Fighting
  8115 | D:9      | Identified a scroll of acquirement
  8387 | D:10     | Entered Level 10 of the Dungeon
  8464 | D:10     | Found a staircase to the Lair.
  8491 | D:10     | Reached skill level 10 in Armour
  8723 | D:10     | Noticed cerdra's ghost (novice MiBe)
  8728 | D:10     | Found a transporter.
  8729 | D:10     | Found a transporter.
  8794 | D:10     | Reached skill level 12 in Axes
  8798 | D:10     | Killed cerdra's ghost
  8913 | D:11     | Noticed an eight-headed hydra
  8922 | D:11     | Killed a three-headed hydra
  9125 | D:11     | Received a gift from Trog
  9132 | D:11     | Reached XP level 12. HP: 60/79 MP: 7/12
  9313 | D:11     | Found a portal to a secret trove of treasure.
  9394 | D:11     | Noticed Erolcha
  9395 | D:11     | Cast into level 1 of the Abyss (Erolcha)
  9526 | Abyss:1  | Noticed a tentacled starspawn
  9532 | Abyss:1  | Noticed a thrashing horror
  9537 | Abyss:1  | Noticed a thrashing horror
  9599 | Abyss:2  | Noticed a wretched star
  9605 | Abyss:3  | Found a corrupted altar of Lugonu.
  9626 | Abyss:3  | Noticed a green death
  9639 | Abyss:3  | Noticed a starcursed mass
  9651 | Abyss:3  | Killed a starcursed mass
  9660 | Abyss:3  | Killed a starcursed mass
  9725 | Abyss:3  | Found a shattered altar of Ashenzari.
  9754 | Abyss:3  | Noticed a rakshasa
  9764 | Abyss:3  | Killed a rakshasa
  9764 | Abyss:3  | Reached skill level 13 in Axes
  9970 | Abyss:3  | Noticed a thrashing horror
  9980 | Abyss:3  | Killed a thrashing horror
  9981 | Abyss:3  | Noticed a satyr
  9986 | Abyss:3  | Noticed an entropy weaver
  9986 | Abyss:3  | Noticed a wretched star
  9987 | Abyss:3  | Killed an entropy weaver
  9992 | Abyss:3  | HP: 3/120 [satyr/arrow (16)]
  9993 | Abyss:3  | Noticed a wretched star
  9994 | Abyss:3  | Shot with an arrow by a satyr

Skill      XL: |  1  2  3  4  5  6  7  8  9 10 11 12 |
---------------+-------------------------------------+-----
Axes           | 3 4 5 6 7 9 11 12 13 | 13.2
Fighting       | 4 5 6 8 9 10 11 | 11.6
Armour         | 3 4 5 6 8 9 10 11 | 11.4
Dodging        | |  1.5

Action                   |  1- 3 |  4- 6 |  7- 9 | 10-12 || total
-------------------------+-------+-------+-------+-------++-------
Melee: Hand axe          |   176 |   166 |   409 |   333 ||  1084
       Unarmed           |       |       |       |    11 ||    11
       War axe           |       |       |       |   158 ||   158
Invok: Berserk           |       |     2 |       |     5 ||     7
       Trog's Hand       |       |       |       |     2 ||     2
       Brothers in Arms  |       |       |       |     2 ||     2
  Use: Scroll            |     3 |     3 |     7 |     5 ||    18
       Potion            |       |     2 |     3 |     4 ||     9
  Eat: Chunk             |     1 |     7 |    18 |    17 ||    43
       Ration            |       |       |       |     2 ||     2
Armor: Animal skin       |    50 |       |       |       ||    50
       Chain mail        |    30 |   105 |   235 |    47 ||   417
       Plate armour      |       |       |       |   416 ||   416
Dodge: Dodged            |   117 |    67 |   131 |   235 ||   550
